Map: Acid Plant LE

Players

Kozzy - Winner!

  • Race: Protoss Protoss
  • League: Gold
  • Spawn Location: 11:00

Raziel

  • Race: Protoss Protoss
  • League: Platinum
  • Spawn Location: 5:00

VOD

Have the link to the VOD?

Description

Time

  • Played on: April 3, 2018, 3:56 a.m.
  • Length: 9:06
Show
View Real Time Build Order
Export as new Build Order

Kozzy Protoss - Winner!

Build Orders:  

Get SALT Encoding   

  12  0:02  Probe  
  13  0:15  Probe  
  13  0:19  Pylon  
  14  0:27  Probe  
  15  0:39  Probe, Gateway  
  16  0:51  Probe  
  16  0:53  Assimilator  
  17  0:58  Assimilator  
  17  1:03  Probe  
  18  1:15  Probe  
  19  1:28  Probe  
  19  1:32  Cybernetics Core  
  20  1:34  Pylon  
  20  1:39  Pylon  
  20  1:40  Probe  
  21  2:00  Probe  
  22  2:10  Gateway  
  22  2:11  Warp Gate  
  22  2:12  Probe  
  23  2:24  Probe  
  24  2:31  Pylon  
  24  2:36  Probe, Stalker  
  27  2:44  Shield Battery  
  27  2:48  Probe  
  28  3:00  Probe  
  28  3:05  Gateway  
  29  3:15  Gateway  
  29  3:17  Stalker x2  
  33  3:43  Pylon  
  33  3:47  Stalker x2  
  37  3:50  Shield Battery  
  37  4:12  Forge  
  37  4:29  Pylon  
  37  4:30  Stalker x2  
  37  4:31  Stalker  
  43  4:40  Protoss Ground Weapons Level 1 (Chrono Boost)  
  43  4:47  Pylon  
  43  4:53  Stalker  
  43  4:54  Stalker  
  47  5:06  Stalker  
  49  5:07  Photon Cannon  
  49  5:11  Pylon  
  49  5:17  Stalker  
  49  5:19  Stalker  
  53  5:41  Gateway  
  53  5:42  Pylon  
  53  5:46  Pylon  
  53  5:53  Pylon  
  45  6:18  Gateway  
  39  6:36  Stalker x3  
  41  7:06  Stalker x3  
  43  7:27  Stalker  
  33  7:37  Stalker x3  
  39  7:52  Stalker  
  41  8:03  Stalker x3  
  47  8:24  Stalker x2  
  51  8:28  Stalker x2  
  51  8:29  Stalker  
Show
View Real Time Build Order
Export as new Build Order

Raziel Protoss 

Build Orders:  

Get SALT Encoding   

  12  0:01  Probe  
  13  0:14  Probe  
  14  0:20  Pylon  
  14  0:26  Probe  
  15  0:38  Probe (Chrono Boost)  
  15  0:39  Gateway  
  16  0:50  Probe (Chrono Boost)  
  16  0:52  Assimilator  
  17  0:59  Probe (Chrono Boost)  
  18  1:04  Probe  
  19  1:16  Probe  
  20  1:19  Gateway  
  20  1:29  Probe  
  21  1:38  Cybernetics Core  
  21  1:41  Probe  
  21  1:44  Assimilator  
  22  1:52  Pylon  
  22  1:53  Probe  
  22  2:05  Probe  
  23  2:15  Stalker x2 (Chrono Boost)  
  27  2:16  Warp Gate  
  27  2:24  Pylon  
  27  2:38  Stalker x2 (Chrono Boost)  
  31  2:51  Robotics Facility  
  31  3:06  Pylon  
  29  4:07  Nexus  
  29  4:09  Pylon  
  29  4:11  Pylon  
  29  4:16  Immortal (Chrono Boost)  
  33  4:35  Twilight Council  
  33  4:37  Probe  
  34  4:48  Observer (Chrono Boost)  
  34  4:50  Probe  
  36  5:02  Probe, Immortal (Chrono Boost)  
  36  5:05  Stalker x2  
  45  5:16  Probe (Chrono Boost)  
  45  5:21  Probe (Chrono Boost)  
  47  5:25  Charge  
  47  5:28  Probe (Chrono Boost)  
  48  5:30  Probe (Chrono Boost)  
  48  5:33  Probe (Chrono Boost), Forge  
  50  5:35  Probe (Chrono Boost)  
  50  5:40  Pylon  
  50  5:41  Probe  
  52  5:47  Probe, Assimilator  
  53  5:52  Pylon  
  53  5:53  Probe  
  54  5:59  Probe  
  49  6:14  Shield Battery  
  49  6:16  Shield Battery  
  49  6:17  Assimilator  
  49  6:23  Stalker  
  49  6:24  Stalker  
  49  6:29  Immortal (Chrono Boost)  
  44  6:48  Stalker x2  
  48  7:00  Probe x2  
  48  7:12  Probe x2  
  46  7:15  Stalker x2  
  46  7:19  Immortal (Chrono Boost)  
  38  7:46  Probe  
  38  7:47  Probe  
  36  7:53  Stalker  
  36  7:54  Stalker  
  40  7:59  Probe x2  
  38  8:11  Probe  
  39  8:25  Stalker x2  
  41  8:33  Probe x2  
  42  8:37  Pylon  
  41  8:45  Probe x2  
Tags
 
Matchup
PvP
Spawn Locations
Cross Positions
Add a new tag
Caveats
  • Supply blocks, unpowered buildings, or Contaminate may cause inaccurate times.
  • Supply counts are checked every 10 seconds.